 Dungeon Crawl Stone Soup version 0.18.1-5-g4a78601 (webtiles) character file.

4489 Heskey the Fighter (level 10, -2/104 HPs)
             Began as a Naga Berserker on May 11, 2016.
             Was a High Priest of Trog.
             Slain by an orc warrior
             ... wielding a +0 trident
              (11 damage)
             ... on level 8 of the Dungeon.
             The game lasted 00:23:11 (7505 turns).

Heskey the Fighter (Naga Berserker)                 Turns: 7505, Time: 00:23:13

Health: -2/104     AC: 13    Str: 23    XL:     10   Next: 38%
Magic:  10/10      EV:  5    Int: 11    God:    Trog [*****.]
Gold:   355        SH:  0    Dex: 11    Spells: 0 memorised, 9 levels left

rFire  . . .     SeeInvis +     e - +3 great mace (drain)
rCold  . . .     Gourm    .     g - +0 plate armour
rNeg   . . .     Faith    .     (shield currently unavailable)
rPois  +         Spirit   .     (no helmet)
rElec  .         Dismiss  .     r - +0 cloak
rCorr  .         Reflect  .     (no gloves)
SustAt .         Harm     .     (no barding)
MR     +....                    (no amulet)
Stlth  ..........               (no ring)
                                n - +6 ring of intelligence

@: starving, very slow, somewhat resistant to hostile enchantments, extremely
unstealthy
A: stinger 1, molten scales 1, see invisible, deformed body, dopey 1, poison
resistance, slowness 2, slow metabolism 1, spit poison 2, AC +3
a: Spit Poison, Berserk, Trog's Hand, Brothers in Arms, Burn Spellbooks,
Renounce Religion


You were on level 8 of the Dungeon.
You worshipped Trog.
Trog was extremely pleased with you.
You were starving.

You visited 1 branch of the dungeon, and saw 8 of its levels.
You also visited: Sewer.

You collected 530 gold pieces.
You spent 175 gold pieces at shops.

Inventory:

Hand Weapons
 e - a +3 great mace of draining (weapon)
Armour
 b - a +0 animal skin
 g - a +0 plate armour (worn)
 r - a +0 cloak (worn)
Jewellery
 n - a +6 ring of intelligence (left hand)
Wands
 p - a wand of flame (24/48)
Scrolls
 h - 2 scrolls of recharging
 i - 3 scrolls of enchant weapon
 j - 8 scrolls of identify
 k - a scroll of magic mapping
Potions
 a - a potion of cancellation
 d - 2 potions of haste
 f - a potion of might {unknown}
 l - a potion of resistance {unknown}
 q - a potion of flight
 s - 4 potions of berserk rage
 t - a potion of curing
 v - a potion of heal wounds
Comestibles
 c - 4 bread rations
 m - 2 fruits
 o - 2 chunks of flesh


   Skills:
 * Level 11.0 Fighting
 + Level 8.1 Maces & Flails
 + Level 6.2 Armour
 - Level 1.5 Dodging


You had 9 spell levels left.
You didn't know any spells.

Dungeon Overview and Level Annotations

Branches:
Dungeon (8/15)             Temple (0/1) D:6
   Lair: D:8-11

Altars:
Cheibriados
Dithmenos
Elyvilon
Fedhas
Gozag
Qazlal
Xom
Zin

Shops:
D:5 (   D:6 (=(


Innate Abilities, Weirdness & Mutations

You cannot wear boots.
Your serpentine skin is tough (AC +3).
You have supernaturally acute eyesight.
Armour fits poorly on your strangely shaped body.
Your system is resistant to poisons.
You cover ground very slowly.
You have a slow metabolism.
You can spit poison.
Your tail ends in a poisonous barb.
You are partially covered in molten scales (AC +1).
You are dopey. (Int -2)


Message History

The hungry ghost is heavily damaged.
The orc warrior hits you from afar with a trident!
* * * LOW HITPOINT WARNING * * *
The hungry ghost hits you.
You feel slightly more hungry.
Unknown command.
Unknown command.
Unknown command.
You hit the hungry ghost.
The hungry ghost is heavily damaged.
The hungry ghost hits you.
You feel slightly more hungry.
The orc warrior hits you from afar with a trident!
* * * LOW HITPOINT WARNING * * *
Unknown command.
Eat one of 3 chunks of flesh? (ye/n/q/i?) This raw flesh tastes terrible.
You are near starving!
The hungry ghost hits you.
You are starving!
The orc warrior hits you from afar with a trident!
You die...

### ..( # #.# #
#.##.##.##)#
..5...oh5..# #W#
##@## ##### #...#
#...###
####.#####.##.#
#.##.##.##.##.#
...#
#^......(.....##...
#.##)##.##.##.##..
#)##.#####.#####..
###....##...#####
########.#####


You could see a hungry ghost, an orc warrior, a howler monkey and a crimson imp.

Vanquished Creatures
  The ghost of namelastname112 the Grappler, a novice DrAs of Jiyva (D:7)
  An efreet (D:8)
  The ghost of Charly the Poker, an amateur MfSk of Cheibriados (D:6)
  The ghost of Chiseanne the Magician, an amateur DsWz (Sewer)
  The ghost of mopl the Sneak, an amateur HEEn of Ashenzari (D:4)
  A wyvern (D:8)
  A yak (D:8)
  Eustachio (D:4)
  A hungry ghost (D:8)
  A water moccasin (D:6)
  A sky beast (D:6)
  Purgy (Sewer)
  5 ice beasts
  2 black bears
  2 ogres
  A centaur (D:7)
  A big kobold (D:8)
  3 giant frogs
  A gnoll sergeant (D:6)
  A wyvern zombie (D:6)
  3 scorpions
  A crimson imp (D:6)
  A giant frog zombie (D:7)
  A giant frog skeleton (D:4)
  2 hounds
  Crazy Yiuf (D:7)
  A centaur skeleton (D:5)
  3 orc wizards
  3 orc priests
  A jelly (D:7)
  2 iguanas
  5 worker ants
  3 hound skeletons
  A howler monkey skeleton (D:5)
  5 adders
  8 gnolls
  A river rat (D:3)
  A shadow imp (D:6)
  2 oozes
  2 adder skeletons (D:4)
  3 worms
  3 dart slugs (D:1)
  3 giant geckos
  16 orcs
  4 giant cockroaches
  10 goblins
  6 hobgoblins
  8 jackals
  6 kobolds
  4 quokkas
  4 ball pythons
  8 bats
  9 giant newts
  A jackal skeleton (D:4)
  A quokka skeleton (D:7)
  14 rats
  A fungus (D:7)
176 creatures vanquished.

Notes
Turn   | Place    | Note
--------------------------------------------------------------
     0 | D:1      | Heskey the Naga Berserker began the quest for the Orb.
     0 | D:1      | Reached XP level 1. HP: 21/21 MP: 1/1
    82 | D:1      | Reached XP level 2. HP: 16/28 MP: 2/2
   103 | D:1      | HP: 1/28 [dart slug/slug dart (6)]
   961 | D:1      | Reached XP level 3. HP: 15/34 MP: 3/3
  1278 | D:1      | Reached ** piety under Trog
  1982 | D:2      | Reached skill level 4 in Fighting
  2025 | D:2      | Reached XP level 4. HP: 44/44 MP: 4/4
  2162 | D:2      | Found a shadowy altar of Dithmenos.
  2165 | D:2      | Found a glowing silver altar of Zin.
  2168 | D:2      | Found a white marble altar of Elyvilon.
  2306 | D:3      | Found a glowing drain.
  2600 | Sewer    | Entered a sewer
  2644 | Sewer    | Noticed Purgy
  2662 | Sewer    | Killed Purgy
  2662 | Sewer    | Reached XP level 5. HP: 7/51 MP: 5/5
  2728 | Sewer    | Noticed Chiseanne's ghost (amateur DsWz)
  2821 | Sewer    | Killed Chiseanne's ghost
  2821 | Sewer    | Reached skill level 5 in Fighting
  2821 | Sewer    | Reached XP level 6. HP: 12/62 MP: 6/6
  3266 | D:3      | Reached *** piety under Trog
  3266 | D:3      | Reached XP level 7. HP: 54/68 MP: 7/7
  3287 | D:3      | Found a snail-covered altar of Cheibriados.
  3336 | D:3      | Reached skill level 6 in Fighting
  3708 | D:4      | Noticed mopl's ghost (amateur HEEn)
  3724 | D:4      | Killed mopl's ghost
  3724 | D:4      | Reached skill level 5 in Maces & Flails
  3861 | D:4      | Reached **** piety under Trog
  3861 | D:4      | Reached skill level 7 in Fighting
  3861 | D:4      | Reached XP level 8. HP: 52/80 MP: 8/8
  3961 | D:4      | Noticed Eustachio
  3988 | D:4      | Killed Eustachio
  4051 | D:4      | Found a stormy altar of Qazlal.
  4182 | D:5      | Entered Level 5 of the Dungeon
  4182 | D:5      | Found Efoisies's Antique Weapon Boutique.
  4414 | D:5      | Bought a runed great mace for 175 gold pieces
  4710 | D:5      | Found a blossoming altar of Fedhas.
  4838 | D:5      | Reached skill level 8 in Fighting
  5333 | D:6      | Found Amiutret's Jewellery Boutique.
  5375 | D:6      | Gained mutation: Your body sometimes deteriorates upon taking damage. [mutagenic meat]
  5376 | D:6      | Gained mutation: You expend magic power (3 MP) to strengthen your wands. [mutagenic meat]
  5377 | D:6      | Gained mutation: You are resistant to electric shocks. [mutagenic meat]
  5382 | D:6      | Gained mutation: Your tail ends in a poisonous barb. [mutagenic meat]
  5383 | D:6      | Lost mutation: Your body sometimes deteriorates upon taking damage. [potion of cure mutation]
  5383 | D:6      | Lost mutation: You expend magic power (3 MP) to strengthen your wands. [potion of cure mutation]
  5383 | D:6      | Lost mutation: Your tail ends in a poisonous barb. [potion of cure mutation]
  5383 | D:6      | Lost mutation: You are resistant to electric shocks. [potion of cure mutation]
  5517 | D:6      | Found a shimmering altar of Xom.
  5529 | D:6      | HP: 4/82 [giant frog (3)]
  5534 | D:6      | Reached XP level 9. HP: 18/90 MP: 9/9
  6122 | D:6      | Found an opulent altar of Gozag.
  6155 | D:6      | Found Vaorgh's Antique Weapon Boutique.
  6158 | D:6      | Gained mutation: You are dopey. (Int -2) [potion of mutation]
  6158 | D:6      | Gained mutation: You are partially covered in molten scales (AC +1). [potion of mutation]
  6158 | D:6      | Gained mutation: Your tail ends in a poisonous barb. [potion of mutation]
  6207 | D:6      | Found a staircase to the Ecumenical Temple.
  6212 | D:6      | Noticed Charly's ghost (amateur MfSk)
  6235 | D:6      | Killed Charly's ghost
  6235 | D:6      | Reached skill level 9 in Fighting
  6235 | D:6      | Reached skill level 5 in Armour
  6313 | D:6      | Found Licui's Antique Weapon Shop.
  6686 | D:7      | Noticed namelastname112's ghost (novice DrAs)
  6696 | D:7      | Killed namelastname112's ghost
  6696 | D:7      | Reached skill level 10 in Fighting
  6862 | D:7      | Reached ***** piety under Trog
  7064 | D:7      | Reached XP level 10. HP: 87/102 MP: 10/10
  7306 | D:7      | Noticed Crazy Yiuf
  7308 | D:7      | Killed Crazy Yiuf
  7485 | D:8      | Reached skill level 11 in Fighting
  7505 | D:8      | Slain by an orc warrior

Skill      XL: |  1  2  3  4  5  6  7  8  9 10 |
---------------+-------------------------------+-----
Armour         | 2 3 4 5 6 |  6.2
Fighting       | 4 5 7 8 10 11 | 11.0
Maces & Flails | 4 5 6 7 8 |  8.1
Dodging        | |  1.5

Action                   |  1- 3 |  4- 6 |  7- 9 | 10-12 || total
-------------------------+-------+-------+-------+-------++-------
Melee: Mace              |   138 |   120 |   186 |       ||   444
       Great mace        |       |       |   182 |    54 ||   236
       Tailslap          |       |       |     9 |     8 ||    17
Invok: Berserk           |       |     1 |     7 |       ||     8
       Burn Spellbooks   |       |       |     1 |       ||     1
 Abil: Spit Poison       |       |       |     4 |       ||     4
  Use: Potion            |       |     6 |     8 |     1 ||    15
       Scroll            |       |       |    12 |       ||    12
  Eat: Chunk             |     2 |     2 |    12 |     5 ||    21
       Fruit             |       |     2 |     1 |     1 ||     4
       Royal jelly       |       |     1 |       |       ||     1
       Bread ration      |       |       |     2 |       ||     2
Armor: Animal skin       |    16 |       |       |       ||    16
       Plate armour      |    79 |   152 |   315 |    50 ||   596
Dodge: Dodged            |    61 |    39 |   111 |    20 ||   231
